[Event "*** SCC Grand Prix: Titled Tuesday Blitz"]
[Site "Chess.com"]
[Date "2020.06.02"]
[Round "2"]
[White "Lubov_Gordyk"]
[Black "snap_man"]
[Result "1-0"]
[WhiteElo "2585"]
[BlackElo "2295"]
[TimeControl "180+1"]
[EndTime "10:18:12 PDT"]
[Termination "Lubov_Gordyk won on time"]

1. e4 c6 2. Nf3 d5 3. d3 dxe4 4. dxe4 Qxd1+ 5. Kxd1 Nd7 6. Bd3 g6 7. h3 Bg7 8. Nc3 Nc5 9. Be3 Nxd3 10. cxd3 f5 11. Bd4 Nf6 12. Kc2 O-O 13. e5 Ne8 14. a4 Nc7 15. Bc5 Re8 16. a5 Be6 17. b4 Bd5 18. Nxd5 Nxd5 19. Rab1 b6 20. Bd4 Rad8 21. g3 e6 22. Be3 h6 23. h4 Bf8 24. Bd2 Nc7 25.
Rhd1 Rd5 26. d4 Nb5 27. Bc1 Red8 28. axb6 axb6 29. Ra1 Bxb4 30. Bxh6 Nxd4+ 31. Nxd4 Rxd4 32. Rxd4 Rxd4 33. Ra7 c5 34. Rg7+ Kh8 35. Rxg6 c4 36. Rxe6 Kh7 37. Be3 Rd3 38. Rxb6 Rc3+ 39. Kd1 Rd3+ 40.
Ke2 Ba5 41. Rh6+ Kg7 42. Rc6 c3 43. Kxd3 1-0

[Event "*** SCC Grand Prix: Titled Tuesday Blitz"]
[Site "Chess.com"]
[Date "2020.06.02"]
[Round "2"]
[White "TST2014"]
[Black "SHIVACalypso"]
[Result "0-1"]
[WhiteElo "2498"]
[BlackElo "2296"]
[TimeControl "180+1"]
[EndTime "10:18:13 PDT"]
[Termination "SHIVACalypso won by resignation"]

1. d4 e6 2. c4 Nf6 3. Nf3 d5 4. Nc3 Bb4 5. e3 O-O 6. Bd3 c5 7. a3 Bxc3+ 8. bxc3 Qc7 9. Ne5 Nbd7 10. f4 cxd4 11.
cxd4 dxc4 12. Nxc4 b5 13. Nb2 Bb7 14. O-O a6 15. a4 Bc6 16. Qc2 Qb7 17. h3 Ne4 18. Bd2 Rac8 19. Bb4 Rfd8 20. Rfc1 Nb6 21. Ba5 Bd5 22.
Bxb6 Rxc2 23. Rxc2 Qxb6 24. axb5 axb5 25. Rac1 g6 26. Rc7 Nd6 27. Re7 Nc4 28. Nxc4 bxc4 29. Bf1 Qb2 30. Re1 c3 31. Rc7 c2 32. Bd3 c1=Q 33.
Rc2 Qcxc2 34. Bxc2 Qxc2 35. e4 Bxe4 36. Rxe4 Qxe4 37.
Kf2 Qxd4+ 38. Kg3 Qe3+ 39. Kg4 f5+ 40. Kg5 Qg3+ 41. Kf6 Qxf4 42. g4 Rf8+ 43. Ke7 Rf7+ 44. Kxe6 Qe4+ 45. Kd6 Qe7+ 46. Kd5 Rf6 47. g5 Rd6+ 48. Kc5 Qc7+ 49. Kb5 Rb6+ 0-1

[Event "*** SCC Grand Prix: Titled Tuesday Blitz"]
[Site "Chess.com"]
[Date "2020.06.02"]
[Round "2"]
[White "Haykoooo0o"]
[Black "GM_Buhmann"]
[Result "1-0"]
[WhiteElo "2564"]
[BlackElo "2830"]
[TimeControl "180+1"]
[EndTime "10:18:14 PDT"]
[Termination "Haykoooo0o won by resignation"]

1. d4 d5 2. c4 e6 3. Nf3 Nf6 4. g3 Be7 5. Bg2 O-O 6. O-O c6 7. Nc3 a5 8. Qd3 b6 9. e4 Ba6 10. b3 b5 11. Ne5 bxc4 12. bxc4 Nfd7 13. exd5 cxd5 14. Nb5 Nxe5 15. dxe5 Nc6 16. Bf4 Rb8 17. a4 Nb4 18. Qe2 dxc4 19. Qxc4 Bxb5 20. axb5 Qb6 21. Bc6 Nd5 22. Bxd5 exd5 23. Qxd5 Rfd8 24. Qa2 Ra8 25. e6 fxe6 26. Rfe1 Rd5 27. Rac1 Bc5 28. Be3 Bxe3 29. Rxe3 Qxb5 30. Rxe6 Rad8 31. Rce1 h6 32. Re7 Kh8 33. Qa1 Rd4 34. Qc1 a4 35. Qc7 R4d7 36. Rxd7 Qxd7 37. Qxd7 Rxd7 38. Re8+ Kh7 39. Ra8 Rd4 40. Kg2 Kg6 41.
Kf3 Kf5 42. Ra5+ Ke6 43. h4 Rb4 44. Ra7 g5 45. h5 g4+ 46. Ke3 Kd5 47. Ra6 Rb3+ 48. Kf4 Rb4+ 49. Kf5 Re4 50. Ra5+ Kd6 51. Kxe4 a3 52. Rxa3 Kc5 53. Rd3 Kb4 54. Rd5 Kc4 55.
Rd6 Kc3 56. Rxh6 Kc2 57. Rg6 Kc1 58. Rxg4 Kc2 59. Rf4 1-0

[Event "*** SCC Grand Prix: Titled Tuesday Blitz"]
[Site "Chess.com"]
[Date "2020.06.02"]
[Round "2"]
[White "Poghosyan_Suren"]
[Black "SidArun"]
[Result "1-0"]
[WhiteElo "2438"]
[BlackElo "2206"]
[TimeControl "180+1"]
[EndTime "10:18:14 PDT"]
[Termination "Poghosyan_Suren won by resignation"]

1. d4 Nf6 2. c4 e5 3. dxe5 Ng4 4. Nf3 Bc5 5. e3 Nc6 6. Nc3 O-O 7. Be2 Ngxe5 8. O-O Re8 9. b3 a5 10. Bb2 Ra6 11. Ne4 Bf8 12. Qd5 d6 13. c5 Be6 14.
Qd2 Nxf3+ 15. gxf3 f5 16. Ng3 Ra8 17. cxd6 Bxd6 18.
Rfd1 Qe7 19. f4 a4 20. Bc4 Bxc4 21. bxc4 Qf7 22. Qd5 Ne7 23. Qxf7+ Kxf7 24. Rac1 b6 25.
Bd4 Rad8 26. Kf1 g6 27. Ke2 Nc6 28. Bc3 Bc5 29. Kf3 Ke6 30. Ne2 h6 31. Nd4+ Nxd4+ 32.
exd4 Be7 33. d5+ Kf7 34. Be5 Bd6 35. Bxd6 Rxd6 36. c5 bxc5 37. Rxc5 Re7 38. Rdc1 Red7 39. Ke3 Rxd5 40. Rxd5 Rxd5 41. Rxc7+ Kf6 42. Ra7 Rd1 43.
Ra6+ Kg7 44. Ra7+ Kf6 45. Ra6+ Kg7 46. Rxa4 Rh1 47. Ra7+ Kf6 48. a4 Rxh2 49. a5 Rh1 50. a6 Ra1 51. Ra8 Kg7 52. Kf3 Ra3+ 53. Kg2 g5 54. fxg5 hxg5 55. f3 Ra2+ 56. Kf1 Ra3 57.
Ke2 Kg6 58. a7 Kg7 59. Kf2 g4 60. f4 Ra4 61. Kg3 Ra3+ 62. Kh4 Ra4 63. Kg5 Ra5 64. Rb8 Rxa7 65. Kxf5 g3 66. Rb3 Kf7 67. Rxg3 Ra5+ 68. Kg4 Ra1 69. Rb3 Rf1 70. Kf5 Re1 71. Rb7+ Re7 72. Rxe7+ Kxe7 73. Kg6 1-0

[Event "*** SCC Grand Prix: Titled Tuesday Blitz"]
[Site "Chess.com"]
[Date "2020.06.02"]
[Round "2"]
[White "Mikedannnn"]
[Black "Matibar"]
[Result "0-1"]
[WhiteElo "2460"]
[BlackElo "2701"]
[TimeControl "180+1"]
[EndTime "10:18:16 PDT"]
[Termination "Matibar won by resignation"]

1. e4 d5 2. exd5 Qxd5 3. Nc3 Qd8 4. d4 Nf6 5. Nf3 Bg4 6. h3 Bxf3 7. Qxf3 c6 8. Be3 e6 9. O-O-O Nbd7 10. Kb1 Bd6 11. Bc1 Qc7 12. g4 h6 13. h4 O-O-O 14.
Bg2 Nb6 15. g5 hxg5 16. hxg5 Nfd5 17. Ne4 Bf4 18. g6 f5 19. Nc5 Rxh1 20. Bxh1 Re8 21.
Re1 Bxc1 22. Rxc1 Qf4 23. c4 Qxf3 24. Bxf3 Nf4 25. b3 Nd7 26. Nxd7 Kxd7 27. Rh1 Ke7 28. Kc2 Rd8 29. Kc3 Nxg6 30. Rg1 Kf6 31. b4 Nf4 32.
a4 g5 33. b5 g4 34. Bd1 e5 35. dxe5+ Kxe5 36. Re1+ Kf6 37. Bc2 c5 38. a5 b6 39.
axb6 axb6 40. Rh1 Kg5 41. Re1 Rd6 42. Re5 Rf6 43. Kd2 Nh3 44. Ke3 Nf4 45. Bb1 Ng2+ 46.
Ke2 Kf4 47. Re8 Nh4 48. Bd3 Nf3 49. Re7 Nd4+ 50. Kf1 Re6 51. Rf7 Kg5 52. Kg2 Rf6 53.
Re7 Kf4 54. Rg7 Nf3 55. Re7 Rh6 56. Be2 Rh2+ 0-1

[Event "*** SCC Grand Prix: Titled Tuesday Blitz"]
[Site "Chess.com"]
[Date "2020.06.02"]
[Round "2"]
[White "Tomytoteph"]
[Black "Borsuk_Konstantin"]
[Result "0-1"]
[WhiteElo "2294"]
[BlackElo "2559"]
[TimeControl "180+1"]
[EndTime "10:18:16 PDT"]
[Termination "Borsuk_Konstantin won by resignation"]

1. e4 e6 2. d4 d5 3. Nd2 Nf6 4. e5 Nfd7 5. c3 c5 6. f4 Nc6 7. Ndf3 cxd4 8. cxd4 Bb4+ 9. Bd2 Qb6 10.
Bc3 Bxc3+ 11. bxc3 Qc7 12. Ne2 Nb6 13. h4 Na5 14. h5 h6 15. g4 Bd7 16. Rc1 O-O-O 17. Ng3 Kb8 18. Bd3 Nac4 19. Qe2 Qc6 20. O-O Qa4 21.
Rc2 a6 22. Rb1 Bb5 23. Nd2 Na3 24. Rxb5 axb5 25. Rb2 Nac4 26. Nxc4 Nxc4 27. Rb4 Qa3 28. Qc2 Ne3 29. Qb1 Qxc3 30. Rxb5 Rd7 31. Ne2 Qd2 32.
Rb2 Qd1+ 33. Qxd1 Nxd1 34. Rb6 Rc8 35. g5 Rc6 36. Rb3 Rdc7 37. f5 hxg5 38. f6 gxf6 39. exf6 Ne3 40. h6 Nf5 41. h7 Rc8 42. Kf2 Rh8 43. Ng3 Rxh7 44. Bb5 Rc2+ 45. Ne2 Rh2+ 46. Ke1 Rh4 47. Ba6 Nxd4 48. Nxd4 Rh1+ 49. Bf1 Rc1+ 50.
Kd2 Rcxf1 51. Nc6+ Kc7 52. Ne5 Rxf6 53. Rc3+ Kd6 54.
Nd3 Rh3 55. Rb3 Rff3 56. Ke2 Rxd3 0-1

[Event "*** SCC Grand Prix: Titled Tuesday Blitz"]
[Site "Chess.com"]
[Date "2020.06.02"]
[Round "2"]
[White "Zmof"]
[Black "mortngabriel"]
[Result "0-1"]
[WhiteElo "2243"]
[BlackElo "2454"]
[TimeControl "180+1"]
[EndTime "10:18:16 PDT"]
[Termination "mortngabriel won by resignation"]

1. e4 c5 2. Nf3 d6 3. Bb5+ Bd7 4.
Bxd7+ Nxd7 5. O-O Ngf6 6. Qe2 e6 7. c3 Be7 8. d4 O-O 9. Rd1 Qc7 10. Na3 a6 11. d5 exd5 12. exd5 Rfe8 13. Be3 b5 14. c4 Nb6 15. b3 Ng4 16. Rac1 Nxe3 17. fxe3 b4 18. Nc2 Bf6 19. Qd3 a5 20. e4 a4 21.
Ne3 g6 22. Re1 Nd7 23. Ng4 Bg7 24. Re2 h5 25. Nf2 Ne5 26. Nxe5 Bxe5 27. g4 h4 28.
g5 Qe7 29. Qd2 axb3 30. axb3 Ra3 31. Rb1 Bd4 32. Qf4 Kg7 33. Kf1 Qe5 34. Qxe5+ Rxe5 35. Nh3 Re8 36. Kg2 Rea8 37. Kf3 Ra1 38. Rxa1 Rxa1 39.
Kg4 Rb1 40. Ra2 Rxb3 41. Ra7 Rb2 42. Nf4 Kf8 43. Kxh4 Rxh2+ 44. Kg4 b3 45. Rb7 b2 46. Nd3 Rd2 47. Rb8+ Ke7 48. Nf4 Rd1 49. Rb6 b1=Q 0-1

[Event "*** SCC Grand Prix: Titled Tuesday Blitz"]
[Site "Chess.com"]
[Date "2020.06.02"]
[Round "2"]
[White "MF1966Idrisov"]
[Black "HouseOfDurin"]
[Result "1-0"]
[WhiteElo "2359"]
[BlackElo "1996"]
[TimeControl "180+1"]
[EndTime "10:18:16 PDT"]
[Termination "MF1966Idrisov won by resignation"]

1. Nf3 c5 2. b3 Nc6 3. Bb2 d6 4. d4 cxd4 5. Nxd4 Nf6 6. g3 g6 7. Bg2 Bd7 8. O-O Bg7 9. c4 O-O 10. Nc3 Nxd4 11. Qxd4 Bc6 12. Nd5 Nh5 13. Qd2 Bxb2 14.
Qxb2 e6 15. Ne3 Bxg2 16. Kxg2 Qg5 17. Kh1 Rfd8 18. Rad1 Rd7 19. Rd3 Rad8 20. Rfd1 b6 21. Qd4 Qf6 22. Ng4 Qxd4 23. Rxd4 d5 24. Ne5 Rd6 25.
e4 Nf6 26. f3 Kf8 27. h4 h5 28. Kg2 Ne8 29. cxd5 exd5 30. exd5 Nc7 31. Nc6 R8d7 32. Nxa7 Rxd5 33. Rxd5 Nxd5 34. Kf2 Rxa7 35. Rxd5 Rxa2+ 36. Ke3 Rg2 37. Kf4 Rc2 38. Rd6 b5 39.
Rd5 b4 40. Rd4 Rc5 41. Rxb4 Kg7 42. Re4 f6 43. b4 Rb5 44. Ke3 Kh6 45. Kd3 Rb6 46.
Kc4 g5 47. b5 gxh4 48. gxh4 Kg6 49. Kc5 Rb8 50. b6 Kf5 51. Kc6 Rg8 52. b7 Kg6 53.
Kc7 f5 54. Rd4 Kf6 55. Rd8 Rxd8 56. Kxd8 f4 57. b8=Q Kg7 58. Qd6 Kh8 59. Ke7 Kg7 60.
Qf6+ Kg8 61. Qg5+ Kh7 62. Kf7 1-0

[Event "*** SCC Grand Prix: Titled Tuesday Blitz"]
[Site "Chess.com"]
[Date "2020.06.02"]
[Round "2"]
[White "VMikhalevski"]
[Black "Siniauski"]
[Result "1-0"]
[WhiteElo "2744"]
[BlackElo "2499"]
[TimeControl "180+1"]
[EndTime "10:18:18 PDT"]
[Termination "VMikhalevski won on time"]

1. d4 Nf6 2. Nf3 e6 3. c4 b6 4. g3 Bb7 5. Bg2 Bb4+ 6. Bd2 Be7 7. O-O c6 8. Nc3 d5 9. Ne5 O-O 10. Bg5 Nbd7 11. Nxd7 Qxd7 12. Qa4 Rfd8 13. Rfd1 h6 14. Bf4 Bd6 15. Bxd6 Qxd6 16. Rac1 a5 17. Qb3 Qb4 18. Na4 dxc4 19. Qxb4 axb4 20. Nxb6 Rxa2 21. Nxc4 Ba6 22.
Rd2 Nd5 23. Ne5 Bb5 24. Bf3 Rc8 25. e4 Nb6 26. Be2 f6 27. Ng6 Kf7 28. Bxb5 cxb5 29.
Rxc8 Nxc8 30. Nf4 Nd6 31. Re2 Nc4 32. Nd3 b3 33. Kg2 Ra1 34. Nc5 Rb1 35. Nxb3 Rxb2 36. Rxb2 Nxb2 37. Kf3 Nc4 38. Ke2 Ke7 39. Kd3 Kd6 40.
Kc3 f5 41. f3 fxe4 42. fxe4 e5 43. d5 Ne3 44. h3 Nf1 45. g4 Ng3 46. Kd3 h5 47. Ke3 h4 48. Kd3 g5 49. Ke3 1-0

[Event "*** SCC Grand Prix: Titled Tuesday Blitz"]
[Site "Chess.com"]
[Date "2020.06.02"]
[Round "2"]
[White "Artem_Sadovsky"]
[Black "tylityli"]
[Result "1-0"]
[WhiteElo "2528"]
[BlackElo "2281"]
[TimeControl "180+1"]
[EndTime "10:18:18 PDT"]
[Termination "Artem_Sadovsky won by resignation"]

1. Nf3 Nf6 2. g3 d5 3. Bg2 b5 4. O-O e6 5. b3 Be7 6. Bb2 O-O 7. c4 b4 8. d4 Bb7 9. Nbd2 dxc4 10. bxc4 c5 11. Nb3 Nbd7 12. e3 Qc7 13. Rc1 Rfd8 14. Qe2 a5 15. Rfd1 a4 16. Nxc5 Nxc5 17. dxc5 a3 18. Rxd8+ Bxd8 19. Bd4 Be7 20. Ne5 Bxg2 21. Kxg2 Bxc5 22. Qf3 Rb8 23. Qc6 Qxc6+ 24. Nxc6 Bxd4 25. Nxb8 Bb2 26. Rd1 g5 27. Rd3 Ne4 28. Nc6 Bc3 29. Rd8+ Kg7 30. Rb8 Nd2 31. Nxb4 Nxc4 32. Rc8 Nxe3+ 33.
Kf3 Bxb4 34. Kxe3 Be7 35. Kd3 Bf6 36. Kc4 h5 37. Kb3 Bb2 38. Rc2 f5 39. Rxb2 axb2 40. Kxb2 Kf6 41. Kc3 Ke5 42. a4 Kd5 43. f4 gxf4 44.
gxf4 e5 45. fxe5 Kxe5 46. Kd3 Kd5 47. h4 Kc5 48. Ke3 Kb4 49. Kf4 Kxa4 50. Kxf5 Kb5 51. Kg5 Kc5 52. Kxh5 Kd6 53. Kg6 Ke7 54. Kg7 1-0

[Event "*** SCC Grand Prix: Titled Tuesday Blitz"]
[Site "Chess.com"]
[Date "2020.06.02"]
[Round "2"]
[White "Matveev_Vladimir"]
[Black "Grischuk"]
[Result "0-1"]
[WhiteElo "2595"]
[BlackElo "3107"]
[TimeControl "180+1"]
[EndTime "10:18:19 PDT"]
[Termination "Grischuk won by resignation"]

1. d4 Nf6 2. c4 g6 3. Nc3 Bg7 4. e4 d6 5. Be2 O-O 6. Nf3 Na6 7. O-O e5 8. Be3 c6 9. d5 Ng4 10. Bg5 f6 11. Bc1 f5 12. Ng5 Nf6 13. f3 h6 14. Ne6 Bxe6 15. dxe6 Qe7 16. Be3 f4 17. Bf2 Nc5 18. Nd5 cxd5 19. cxd5 Rfc8 20. Rc1 a5 21. Bb5 g5 22. b3 Kh8 23. Qd2 g4 24. Bxc5 Rxc5 25.
Rxc5 dxc5 26. d6 Qxe6 27. d7 Qb6 28. a4 Rd8 29. Kh1 Qc7 30. Rd1 Bf8 31. Qc3 Be7 32. Qc4 Kg7 33. Qe6 Bf8 34. h3 g3 35. h4 c4 36. bxc4 Qc5 37. Qf5 Qe7 38.
h5 Qf7 39. c5 Qxh5+ 40. Qxh5 Nxh5 41. c6 bxc6 42. Bxc6 Nf6 43. Rb1 Bb4 44. Rd1 Kf7 45. Kg1 Ke7 46. Kf1 Nxd7 47. Ke2 Nc5 48. Rh1 Rd2+ 49. Kf1 Rd1+ 0-1

[Event "*** SCC Grand Prix: Titled Tuesday Blitz"]
[Site "Chess.com"]
[Date "2020.06.02"]
[Round "2"]
[White "seorobert1971"]
[Black "LileKoridze"]
[Result "1-0"]
[WhiteElo "2644"]
[BlackElo "2313"]
[TimeControl "180+1"]
[EndTime "10:18:21 PDT"]
[Termination "seorobert1971 won by resignation"]

1. e4 c5 2. Nf3 d6 3. Nc3 Nc6 4. Bb5 Bd7 5. O-O Nf6 6. Re1 g6 7.
d3 Bg7 8. h3 O-O 9. Be3 a6 10.
Bxc6 Bxc6 11. Qd2 Re8 12. Bh6 Bh8 13. Ne2 b5 14. Rad1 Nd7 15. c3 d5 16. Nf4 dxe4 17.
dxe4 Ne5 18. Qe2 Qc7 19. Nd5 Bxd5 20. Rxd5 Rad8 21. Red1 c4 22. Bf4 Nxf3+ 23. Qxf3 Qb6 24. e5 Bg7 25. a3 Rxd5 26. Qxd5 h6 27. Qd7 Kf8 28.
h4 Qc5 29. Rd5 Qb6 30. g3 Qe6 31. Qb7 Kg8 32. Kg2 Qf5 33. Rc5 Qe6 34. Qc6 Qxc6+ 35. Rxc6 Ra8 36. e6 fxe6 37. Rxe6 Kf7 38. Rc6 h5 39. Kf3 Bf6 40. Rb6 Ke8 41. Ke4 Kd7 42.
Be5 Bxe5 43. Kxe5 Rf8 44. f4 Rf5+ 45. Kd4 Rf6 46. Rxf6 exf6 47. Kd5 a5 48. Kc5 Ke6 49.
Kxb5 Kf5 50. Kxc4 Kg4 51. b4 Kxg3 52. bxa5 Kxf4 53. a6 Kg4 54. a7 f5 55. a8=Q f4 56. Qg2+ Kxh4 57. Qxg6 f3 58. Kd3 1-0

[Event "*** SCC Grand Prix: Titled Tuesday Blitz"]
[Site "Chess.com"]
[Date "2020.06.02"]
[Round "2"]
[White "MarceloPlaya"]
[Black "1stSecond"]
[Result "0-1"]
[WhiteElo "2319"]
[BlackElo "2704"]
[TimeControl "180+1"]
[EndTime "10:18:21 PDT"]
[Termination "1stSecond won on time"]

1. e4 c5 2. Nf3 Nc6 3. d4 cxd4 4.
Nxd4 Nf6 5. Nc3 d6 6. Bg5 e6 7. Qd2 a6 8. O-O-O Be7 9. h4 Nxd4 10. Qxd4 b5 11. f3 Bb7 12. g4 Rc8 13. Kb1 Qc7 14. Qd2 b4 15. Ne2 d5 16. Bxf6 gxf6 17. exd5 Bxd5 18. Nd4 O-O 19. g5 Rfd8 20. Bd3 f5 21. h5 Bxa2+ 22. Kxa2 Rxd4 23. g6 b3+ 24. cxb3 Bf6 25. gxf7+ Kxf7 26. Qh6 Qe5 27. Qxh7+ Bg7 28. Qg6+ Kf8 29. Qg2 Bh6 30. Rhe1 Qa5+ 31. Kb1 Rxd3 32. Qg6 Rxd1+ 33. Rxd1 Bg7 34. Qxe6 Qc5 35. h6 Bh8 36. Qe2 a5 37. Rg1 Qxg1+ 38. Ka2 Qc5 39. Kb1 Qe5 40. Ka2 Qxb2+ 41. Qxb2 Bxb2 42. Kxb2 Kg8 43. Ka3 Kh7 44. Ka4 Rc5 45. b4 axb4 46. Kxb4 Re5 47. Kc4 Re3 48. Kd4 Rxf3 49. Ke5 Rf1 0-1

[Event "*** SCC Grand Prix: Titled Tuesday Blitz"]
[Site "Chess.com"]
[Date "2020.06.02"]
[Round "2"]
[White "Mikasinski"]
[Black "northridgehawk"]
[Result "0-1"]
[WhiteElo "2474"]
[BlackElo "2281"]
[TimeControl "180+1"]
[EndTime "10:18:22 PDT"]
[Termination "northridgehawk won by resignation"]

1. e4 e5 2. Nf3 Nc6 3. Nc3 Nf6 4.
Bb5 Nd4 5. Bc4 Bc5 6. O-O d6 7. h3 O-O 8. d3 c6 9. a3 a5 10. Re1 a4 11. Ba2 Re8 12. Be3 Qb6 13. Rb1 Be6 14.
Bxe6 Nxe6 15. Bxc5 Qxc5 16. Qd2 Nh5 17. Kh2 Nhf4 18. g3 Ng6 19. Nd1 Nd4 20. Nxd4 exd4 21. f4 Qh5 22. Nf2 f5 23. Qe2 Qxe2 24. Rxe2 fxe4 25.
dxe4 c5 26. Rbe1 Ne7 27. Nd3 Nc6 28. e5 b6 29. exd6 Rxe2+ 30. Rxe2 Rd8 31. Re6 Kf7 32. f5 g6 33. g4 gxf5 34. gxf5 Rd7 35. Kg3 c4 36. Nf4 b5 37. Nh5 b4 38. Rf6+ Kg8 39. Re6 c3 40. Nf6+ Kf7 41. Nxd7 cxb2 42. Ne5+ Nxe5 43.
Rxe5 b1=Q 44. d7 Qg1+ 45. Kh4 Qf2+ 46. Kg4 Qg2+ 47. Kf4 Qg8 48. Re8 Qxe8 49. dxe8=Q+ Kxe8 50. axb4 a3 51. b5 a2 52. b6 a1=Q 53. b7 Qa7 54. Ke4 Qxb7+ 55. Kxd4 Kf7 56. Ke5 Qb5+ 57. Kf4 Qc5 58.
c4 Qxc4+ 59. Kg5 0-1

[Event "*** SCC Grand Prix: Titled Tuesday Blitz"]
[Site "Chess.com"]
[Date "2020.06.02"]
[Round "2"]
[White "AnthonyWirig"]
[Black "kudesnik84"]
[Result "1-0"]
[WhiteElo "2699"]
[BlackElo "2374"]
[TimeControl "180+1"]
[EndTime "10:18:23 PDT"]
[Termination "AnthonyWirig won by resignation"]

1. d4 Nf6 2. Bg5 d5 3. Bxf6 exf6 4. e3 Bd6 5. c4 dxc4 6. Bxc4 O-O 7. Nc3 Nd7 8. Nf3 Nb6 9. Bb3 Bg4 10. h3 Bxf3 11. Qxf3 c6 12. O-O Qd7 13. Rac1 f5 14. Rfd1 a6 15.
Bc2 g6 16. Bb3 Rac8 17. g3 h5 18. h4 Kg7 19. Kg2 Rfe8 20. a3 Qe7 21. Rc2 Nd7 22.
Na4 Nf6 23. Nc5 Ng4 24. Rc3 Rc7 25. Rdc1 Qf6 26. Nd3 Rce7 27. Nf4 Bxf4 28. Qxf4 Re4 29. Qf3 f4 30. gxf4 Qxh4 31. Qg3 Qf6 32. Rh1 Qd6 33. Bd1 f5 34. Bxg4 fxg4 35. Rc5 R4e7 36. Rg5 Kf6 37. Qh4 Kf7 38. Rc1 Qe6 39. Re5 Qf6 40. Qxf6+ Kxf6 41. f3 Rd8 42. fxg4 hxg4 43. Kg3 Rxe5 44. fxe5+ Kf5 45. Rf1+ Ke4 46. Kxg4 Kxe3 47. e6 Rxd4+ 48. Kg5 Kd2 49.
Kxg6 Re4 50. Kf7 Kc2 51. Rf2+ Kb3 52. e7 c5 1-0

[Event "*** SCC Grand Prix: Titled Tuesday Blitz"]
[Site "Chess.com"]
[Date "2020.06.02"]
[Round "2"]
[White "Muradore"]
[Black "Parkas"]
[Result "1-0"]
[WhiteElo "2609"]
[BlackElo "2310"]
[TimeControl "180+1"]
[EndTime "10:18:24 PDT"]
[Termination "Muradore won on time"]

1. e4 g6 2. d4 Bg7 3. c3 d6 4.
Bd3 e5 5. h3 Nc6 6. d5 Nce7 7.
c4 f5 8. Nc3 Nf6 9. g4 fxg4 10.
hxg4 Bxg4 11. f3 Bd7 12. Be3 Nh5 13. Nge2 c5 14. Qd2 Bf6 15. O-O-O Qc7 16. Rdf1 O-O-O 17. a4 Kb8 18. Nb5 Bxb5 19. axb5 Nc8 20. Kc2 Rd7 21.
Rh3 Rf7 22. Rfh1 Rhf8 23. Bh6 Bg7 24. Bxg7 Rxg7 25. Nc3 Rgf7 26. Be2 Qe7 27. Ra1 Nf4 28. Rg3 Qh4 29. Rag1 Qh2 30. Bd1 Qxd2+ 31. Kxd2 Nb6 32. b3 Nd7 33. Ke3 Nf6 34. Rh1 h5 35. b6 a6 36. Bc2 Nd7 37. Na4 Kc8 38. Rgg1 Kd8 39. Rb1 Ng2+ 40. Kf2 Rxf3+ 41. Kxg2 Rf2+ 42. Kg3 R8f3+ 43. Kh4 Rxc2 44. Kg5 Rg2+ 45. Kh6 Nf6 46. Kg7 Nxe4 47.
b4 Ke7 48. bxc5 dxc5 49. Rbf1 Rgf2 50. Rxf2 Rxf2 51. Kxg6 Rf6+ 52. Kg7 Rf5 53. Rh4 Nd6 54. Nxc5 Nxc4 55. Rxc4 1-0

[Event "*** SCC Grand Prix: Titled Tuesday Blitz"]
[Site "Chess.com"]
[Date "2020.06.02"]
[Round "2"]
[White "Virgo15"]
[Black "Kopytkin"]
[Result "1-0"]
[WhiteElo "2738"]
[BlackElo "2322"]
[TimeControl "180+1"]
[EndTime "10:18:24 PDT"]
[Termination "Virgo15 won by resignation"]

1. d4 d5 2. Bf4 c5 3. e3 cxd4 4.
exd4 Nc6 5. c3 Nf6 6. Nd2 a6 7. Ngf3 Bg4 8. Qa4 Bxf3 9. Nxf3 Rc8 10. Ne5 e6 11. Nxc6 Rxc6 12. Bxa6 Nd7 13. Bb5 Rb6 14. O-O Bd6 15. Bg3 Ke7 16. Bxd6+ Rxd6 17. f4 g6 18. Rae1 Kf8 19. Bxd7 Qxd7 20. Qb4 Kg7 21. Re5 h5 22. Rf3 Ra6 23. Qb3 Qc6 24. a3 b5 25.
Qc2 Rc8 26. Qd2 Ra7 27. Rg3 Qd6 28. Rxh5 b4 29. f5 exf5 30. Qh6+ Kf6 31. Qg5+ Kg7 32.
Rgh3 Rg8 33. Rf3 Qe6 34. Qh6+ Kf6 35. Rhxf5+ Qxf5 36.
Rxf5+ Kxf5 37. axb4 Ra1+ 38. Kf2 Re8 39. Qh3+ Kf6 40.
Qf3+ Kg7 41. Qxd5 Rae1 42. Qc4 Rb1 43. Qb3 Rbe1 44. Qc2 f5 45. b5 Kf6 46. b6 g5 47.
b7 R1e7 48. Qb3 Rb8 49. Qb6+ Kf7 50. Qc5 Rexb7 51. Qxf5+ Ke8 52. Qe6+ Re7 53. Qg8+ Kd7 54. Qxb8 1-0

[Event "*** SCC Grand Prix: Titled Tuesday Blitz"]
[Site "Chess.com"]
[Date "2020.06.02"]
[Round "2"]
[White "NemtsevIgor"]
[Black "GMartin_Petrov"]
[Result "0-1"]
[WhiteElo "2294"]
[BlackElo "2561"]
[TimeControl "180+1"]
[EndTime "10:18:24 PDT"]
[Termination "GMartin_Petrov won by resignation"]

1. d4 Nf6 2. Bf4 e6 3. e3 d5 4. Nf3 Bd6 5. Nbd2 O-O 6. Bd3 b6 7. Qe2 Bb7 8. Ne5 c5 9. c3 Nc6 10. Ndf3 Ne4 11. h4 Ne7 12. Ng5 h6 13. f3 Nf6 14. g4 a5 15. Ngxf7 Rxf7 16. Nxf7 Kxf7 17.
g5 Nh5 18. Bxd6 Qxd6 19. f4 Ng3 20. Qf3 Nxh1 21. Qxh1 Nf5 22. O-O-O Nxe3 23. Re1 cxd4 24. gxh6 Qxf4 25. Kb1 Qxh6 26. cxd4 Ba6 27. Qf3+ Ke7 28. Bxa6 Rxa6 29. Rxe3 Qg6+ 30. Kc1 Ra7 31. Rc3 Qf6 32.
Qg3 Rd7 33. Qg4 Qf1+ 34. Kc2 Qf5+ 35. Qxf5 exf5 36. Rg3 Kf6 37. h5 b5 38. Rg6+ Kf7 39. Kd2 Rd8 40. Rb6 b4 41. Rb5 Rh8 42. Rxd5 Kf6 43.
Rxa5 Rxh5 44. Ra4 Rh2+ 45. Kd3 Rxb2 46. Kc4 f4 47. Ra8 g5 48. Kd5 g4 49. Rf8+ Kg5 50.
Ke5 f3 51. Rg8+ Kh5 52. Kf4 f2 53. Rg5+ Kh6 54. Kxg4 f1=Q 0-1

[Event "*** SCC Grand Prix: Titled Tuesday Blitz"]
[Site "Chess.com"]
[Date "2020.06.02"]
[Round "2"]
[White "Spartakus1975"]
[Black "DvaHrasta"]
[Result "0-1"]
[WhiteElo "2698"]
[BlackElo "2484"]
[TimeControl "180+1"]
[EndTime "10:18:25 PDT"]
[Termination "DvaHrasta won by checkmate"]

1. e4 c6 2. d3 d5 3. Nd2 g6 4.
Ngf3 Bg4 5. Be2 Bg7 6. h3 Bxf3 7. Bxf3 Nf6 8. O-O O-O 9. Re1 a5 10. Qe2 e5 11. exd5 cxd5 12. c3 Nc6 13. g3 a4 14.
Bg2 a3 15. b4 d4 16. c4 Nxb4 17. Nb1 e4 18. Bxa3 exd3 19. Qd1 Nc2 20. Bxf8 Qxf8 21.
Nd2 Nxa1 22. Qxa1 Qb4 23. Nb3 Rxa2 24. Qxa2 Qxe1+ 25. Kh2 h5 26. Qd2 Qe2 27. Qf4 h4 28. Nxd4 hxg3+ 29. fxg3 Ng4+ 30. Qxg4 Bxd4 31. Qxd4 d2 32.
Qd8+ Kg7 33. Qd4+ Kh7 34. Qh4+ Kg7 35. Qd4+ f6 36. Qd7+ Kh6 37. Qf7 d1=Q 38. Qf8+ Kg5 39. h4+ Kf5 40. Qc8+ Ke5 41. Qc5+ Ke6 42. Qb6+ Ke7 43.
Qxb7+ Qd7 44. Qb4+ Qd6 45. c5 Qdd2 46. c6+ Qxb4 47. c7 Qbb2 48. Kh3 Qxg2+ 49. Kg4 Qb4# 0-1

[Event "*** SCC Grand Prix: Titled Tuesday Blitz"]
[Site "Chess.com"]
[Date "2020.06.02"]
[Round "2"]
[White "Sibelephant"]
[Black "Ziachess74"]
[Result "1-0"]
[WhiteElo "3163"]
[BlackElo "2596"]
[TimeControl "180+1"]
[EndTime "10:18:26 PDT"]
[Termination "Sibelephant won by resignation"]

1. c4 e6 2. Nc3 d5 3. d4 c6 4. e3 Nf6 5. Nf3 Nbd7 6. Be2 Bd6 7. O-O O-O 8. b3 b6 9. Bb2 Bb7 10. Rc1 Qe7 11. cxd5 exd5 12. g3 Rfd8 13. Re1 Rac8 14. Bf1 Ba3 15. Bxa3 Qxa3 16. Qc2 Qf8 17. Qb2 Ne4 18.
b4 Ndf6 19. Bh3 Rb8 20. Ne2 Bc8 21. Bg2 Bd7 22. Ne5 c5 23. bxc5 bxc5 24. Qc2 c4 25.
Nxd7 Rxd7 26. Nf4 Qd6 27. h4 Rdb7 28. Rb1 h6 29. Rxb7 Rxb7 30. Rb1 Rxb1+ 31. Qxb1 g5 32. hxg5 hxg5 33. Ne2 Qb6 34. Qxb6 axb6 35. f3 Nd6 36. Nc3 g4 37. fxg4 Nde4 38. Bxe4 Nxe4 39. Nxd5 c3 40. Nb4 Kg7 41. Kf1 Kg6 42. Ke2 Kg5 43. Kd3 Nxg3 44. Nd5 b5 45. Nxc3 Kxg4 46. Nxb5 Kf3 47. d5 Nf5 48. Nd4+ Nxd4 49. Kxd4 1-0

[Event "*** SCC Grand Prix: Titled Tuesday Blitz"]
[Site "Chess.com"]
[Date "2020.06.02"]
[Round "2"]
[White "Gmedmundo"]
[Black "Harsha_Bharathakoti"]
[Result "0-1"]
[WhiteElo "2487"]
[BlackElo "2726"]
[TimeControl "180+1"]
[EndTime "10:18:26 PDT"]
[Termination "Harsha_Bharathakoti won on time"]

1. e4 c5 2. Nf3 Nc6 3. Bb5 g6 4. Bxc6 dxc6 5. d3 Bg7 6. h3 Nf6 7. Nc3 Nd7 8. Be3 e5 9. Qd2 h6 10. O-O b6 11. Nh2 Nf8 12. f4 exf4 13. Bxf4 Ne6 14.
Bg3 Qg5 15. Qe1 O-O 16. e5 Nd4 17. Rc1 Re8 18. Nf3 Nxf3+ 19. Rxf3 Bxe5 20. Ne4 Bd4+ 21. Bf2 Rxe4 22. dxe4 Bxb2 23. Rd1 Be6 24. Bh4 Qh5 25. g4 Qe5 26. Bf6 Qxf6 27. Rxf6 Bxf6 28. e5 Be7 29. Qf2 b5 30. Rd6 Bxd6 31. exd6 c4 32. a3 Kh7 33. c3 Rd8 34. Qd4 Bd5 35. Qf6 Rd7 36. Kf2 Be6 37. Qe5 a5 38. Ke3 Bd5 39. Kd4 Be6 40. Kc5 Bd5 41. h4 Be6 42. g5 hxg5 43.
hxg5 Kg8 44. Kb6 b4 45. cxb4 axb4 46. axb4 c3 47. Kxc6 c2 48. Qc5 Rd8 0-1